 Dungeon Crawl Stone Soup version 0.27.1-1-g398f81649c (webtiles) character file.

Game seed: 3204125234029295872

1074 ZARRMARR the Sneak (level 8, 0/46 HPs)
             Began as an Octopode Conjurer on Sept 11, 2021.
             Slain by a gnoll shaman (11 damage)
             ... on level 5 of the Dungeon on Sept 12, 2021.
             The game lasted 00:30:52 (10284 turns).

ZARRMARR the Sneak (Octopode Conjurer)             Turns: 10284, Time: 00:30:52

Health: 0/46       AC:  1    Str:  7    XL:     8   Next: 29%
Magic:  6/11       EV: 17    Int: 22    God:
Gold:   203        SH:  0    Dex: 10    Spells: 8/11 levels left

rFire    . . .     SeeInvis .   g - +0 short sword
rCold    . . .     Faith    .   (no shield)
rNeg     + . .     Spirit   .   (helmet restricted)
rPois    +         Reflect  .   (no amulet)
rElec    .         Harm     .   c - ring of poison resistance
rCorr    .         Rampage  .   d - +4 ring of evasion
Will     .....                  j - ring of positive energy
Stlth    ++++......             r - +4 ring of slaying
HPRegen  0.15/turn              (no ring)
MPRegen  0.12/turn              (no ring)
                                (no ring)
                                (no ring)

@: no status effects
A: almost no armour, amphibious, 8 rings, camouflage 1, gelatinous body 1,
(nimble swimmer 1), tentacles
a: no special abilities


You were on level 5 of the Dungeon.
You visited 1 branch of the dungeon, and saw 6 of its levels.

You collected 203 gold pieces.

Inventory:

Hand Weapons
 g - a +0 short sword (weapon)
Jewellery
 c - a ring of poison resistance (left tentacle)
 d - a +4 ring of evasion (right tentacle)
 j - a ring of positive energy (on tentacle)
 r - a +4 ring of slaying (on tentacle)
Scrolls
 b - 2 scrolls of enchant armour
 e - a scroll of blinking {unknown}
 f - 2 scrolls of brand weapon {unknown}
 h - 3 scrolls of teleportation
 i - 2 scrolls of magic mapping
 k - 2 scrolls of amnesia {unknown}
 o - a scroll of vulnerability {unknown}
 p - 2 scrolls of enchant weapon {unknown}
 s - a scroll of fear {unknown}
Potions
 a - 4 potions of curing {unknown}
 l - a potion of ambrosia {unknown}
 m - a potion of flight {unknown}
 n - 2 potions of experience {unknown}
 q - a potion of might {unknown}


   Skills:
 * Level 3.8 Short Blades
 - Level 2.0 Dodging
 - Level 5.8 Stealth
 - Level 2.0 Spellcasting
 - Level 5.4 Conjurations
 + Level 4.5 Transmutations
 + Level 4.5 Earth Magic


You had 8 spell levels left.
You knew the following spells:

 Your Spells              Type           Power      Damage    Failure   Level
a - Magic Dart            Conj           100%       1d8       1%          1
b - Passwall              Tmut/Erth      18%        N/A       3%          2

Your spell library contained the following spells:

 Spells                   Type           Power      Damage    Failure   Level
 Searing Ray              Conj           52%        3d5       2%          2
 Dazzling Flash           Conj/Hex       28%        N/A       14%         3
 Swiftness                Air            2%         N/A       38%         3
 Fulminant Prism          Conj/Hex       7%         3d7       41%         4
 Iskenderun's Mystic Bla  Conj/Tloc      14%        2d5       41%         4
 Summon Forest            Summ/Tloc      1%         N/A       98%         5
 Eringya's Noxious Bog    Tmut/Pois      6%         N/A       100%        6
 Invisibility             Hex            1%         N/A       100%        6
 Summon Hydra             Summ           1%         N/A       100%        7


Dungeon Overview and Level Annotations

Branches:
Dungeon (6/15)
 Temple: D:4-7

Altars:
Dithmenos
Xom

Shops:
D:5 !

Annotations:
D:3 1 runed translucent door, pokedragonboy's ghost, amateur FoFi
D:5 exclusion: downstairs
D:6 exclusions: phantom, scorpion and 2 wights


Innate Abilities, Weirdness & Mutations

You cannot wear most types of armour.
You are amphibious.
You can wear up to eight rings at the same time.
Your skin changes colour to match your surroundings (Stealth+).
Your rubbery body absorbs attacks. (AC +1, EV +1)
((You are camouflaged near water. (Stealth+)))
You have tentacles for arms and can constrict up to eight enemies at once.


Message History

Confirm with . or Enter, or press ? or * to list all spells.
Aiming: Passwall (safe; 3% risk of failure)
Press: ? - help, Dir - move target, f - you Please select a wall.
A stone staircase leading up, spattered with blood.
Okay, then.
Unknown command.
Casting: Passwall (safe; 3% risk of failure)
Confirm with . or Enter, or press ? or * to list all spells.
Aiming: Magic Dart (safe; 1% risk of failure)
Press: ? - help, Shift-Dir - straight line, f - gnoll shaman
Aim: a gnoll shaman, wielding a +0 whip and wearing a +0 leather armour (100% to hit)
The magic dart hits the gnoll shaman but does no damage.
The gnoll closely misses you.
The gnoll shaman hits you with a +0 whip!
You climb upwards.
Level annotation: exclusion: downstairs
There is a stone staircase leading down here.
You hit the gnoll shaman but do no damage.
Your grab misses the gnoll shaman. Your squeeze misses the gnoll shaman.
The gnoll shaman hits you with a +0 whip!
You barely miss the gnoll shaman. You grab the gnoll shaman.
You constrict the gnoll shaman, but do no damage.
The gnoll shaman completely misses you.
You hit the gnoll shaman but do no damage.
You squeeze the gnoll shaman!
The gnoll shaman is moderately wounded.
You constrict the gnoll shaman.
The gnoll shaman hits you with a +0 whip!
* * * LOW HITPOINT WARNING * * *
Casting: Magic Dart (safe; 1% risk of failure)
Confirm with . or Enter, or press ? or * to list all spells.
Aiming: Magic Dart (safe; 1% risk of failure)
Press: ? - help, Shift-Dir - straight line, f - gnoll shaman
Aim: a gnoll shaman, wielding a +0 whip and wearing a +0 leather armour (heavily wounded, constricted by you, 100% to hit)
The magic dart hits the gnoll shaman.
The gnoll shaman is heavily wounded.
You constrict the gnoll shaman, but do no damage.
The gnoll shaman hits you with a +0 whip!
You die...

###.........###.......#
####.###### ###.....#
##.###### ##.##..# ##
#......^# #..##..#
.####.......####.#....###
........................#
###...................<.#
<.......................#
.....#.....##...@.....###
........#####..g.......#
)........## #..∩.∩.....#
.....###..###..........#
.....####......∩.∩.....#
.....##...###.....>....######
####.............>.>........#
#.....###.####.#.##.......#
###.##### #.####.#.##.......#


You could see a gnoll shaman.

Vanquished Creatures
  A black bear (D:4)
  A necrophage (D:6)
  An ogre (D:4)
  A phantom (D:3)
  2 scorpions (D:5)
  2 water moccasin zombies (D:6)
  A water moccasin skeleton (D:5)
  A hound (D:5)
  2 centaur skeletons (D:6)
  A centaur zombie (D:5)
  An orc priest (D:4)
  A bullfrog skeleton (D:6)
  2 iguanas
  A hound skeleton (D:5)
  5 gnolls
  A howler monkey skeleton (D:4)
  5 adders
  A shadow imp (D:6)
  An ufetubus (D:4)
  An adder skeleton (D:4)
  6 dart slugs
  5 orcs
  9 ball pythons
  8 endoplasms
  10 giant cockroaches
  5 goblins
  9 hobgoblins
  2 quokkas
  A bat (D:2)
  4 frilled lizards
  6 kobolds
  A quokka skeleton (D:4)
  5 rats
103 creatures vanquished.

Notes
Turn   | Place    | Note
-------+----------+-------------------------------------------
     0 | D:1      | ZARRMARR the Octopode Conjurer began the quest for the Orb.
     0 | D:1      | Reached XP level 1. HP: 11/11 MP: 3/3
   296 | D:1      | Reached XP level 2. HP: 17/17 MP: 1/5
  2312 | D:2      | Reached XP level 3. HP: 21/21 MP: 4/6
  2461 | D:2      | Found a faded altar of an unknown god.
  2693 | D:2      | Reached skill level 5 in Conjurations
  2896 | D:2      | Reached XP level 4. HP: 27/27 MP: 0/7
  3068 | D:2      | You fall into a shaft and drop 2 floors!
  3747 | D:2      | Found a shimmering altar of Xom.
  4201 | D:2      | Found a faded altar of an unknown god.
  4287 | D:2      | Found a shimmering altar of Xom.
  4733 | D:3      | Found a runed translucent door.
  4738 | D:3      | Noticed pokedragonboy's ghost (amateur FoFi)
  4753 | D:3      | Noticed a phantom
  4754 | D:3      | Found a shadowy altar of Dithmenos.
  5374 | D:3      | Learned a level 2 spell: Passwall
  5447 | D:4      | Reached XP level 5. HP: 31/31 MP: 5/8
  5516 | D:4      | Reached skill level 1 in Transmutations
  5516 | D:4      | Reached skill level 1 in Earth Magic
  6295 | D:4      | Noticed a black bear
  6299 | D:4      | Killed a black bear
  6299 | D:4      | Noticed an ogre
  6300 | D:4      | Reached skill level 5 in Stealth
  6300 | D:4      | Reached XP level 6. HP: 36/36 MP: 6/9
  7138 | D:5      | Entered Level 5 of the Dungeon
  7378 | D:5      | Found Zurrinan's Distillery.
  7403 | D:5      | Reached XP level 7. HP: 41/41 MP: 10/10
  8011 | D:5      | Reached skill level 1 in Short Blades
  8384 | D:5      | Found Zurrinan's Distillery.
  9113 | D:6      | Reached XP level 8. HP: 46/46 MP: 6/11
 10284 | D:5      | Slain by a gnoll shaman

Illustrated notes

Levels and vault maps discovered:
D:1:      beargit_arrival_greenhouse, layout_rooms, serial_co_window_serial,
          co_window_cross_1, co_window_paths_a, co_window_paths_b,
          co_window_corner_a, co_window_of_opportunity_a,
          co_window_of_opportunity_a, co_window_corner_a, co_window_broadway_a,
          co_window_cross_4, co_window_unsneaky_path_e, co_window_broadway_a,
          co_window_4corner_b, co_window_paths_e, glass_columns_a,
          glass_columns_a, glass_columns_a, glass_columns_a, glass_columns_a
D:2:      minmay_general_purpose_star, layout_loops_ring, basic_altar,
          hellmonk_ecumenical_altar_heavens_door, minmay_misc_feat_nine_boxes,
          minmay_worlds_worst_comb
D:3:      layout_basic, grunt_dithmenos_smoke_and_mirrors,
          ebering_ghost_reflecting_pool
D:4:      layout_layer_cave, roderic_lattice_a
D:5:      layout_rooms, serial_shops, nicolae_shop_competitors_out_of_business
D:6:      layout_basic, hangedman_decor_opposing, lightli_church_of_beogh

Skill      XL: |  1  2  3  4  5  6  7  8 |
---------------+-------------------------+-----
Stealth        | 3 4 5 |  5.8
Conjurations   | 5 |  5.4
Transmutations | 2 3 4 |  4.5
Earth Magic    | 2 3 4 |  4.5
Short Blades   | 2 3 |  3.8
Dodging        | |  2.0
Spellcasting   | |  2.0

Action                   |  1- 3 |  4- 6 |  7- 9 || total
-------------------------+-------+-------+-------++-------
Melee: Unarmed           |    14 |       |       ||    14
       Constrict         |     6 |     4 |    10 ||    20
       Tentacles         |     4 |     5 |     7 ||    16
       Short sword       |       |    24 |    45 ||    69
 Cast: Magic Dart        |    72 |    91 |    31 ||   194
       Passwall          |       |     1 |     5 ||     6
Evoke: Wand              |       |     6 |     4 ||    10
  Use: Scroll            |     1 |     1 |     1 ||     3
 Stab: Sleeping          |       |     6 |     6 ||    12
Armor: Skin              |       |       |     6 ||     6
Dodge: Dodged            |    14 |    25 |    35 ||    74
